| TOP OF THE 1ST |
|
St. Louis Cardinals batting - Pitching for Orlando Devil Rays : RHP Joe Johnson
|
|
Pitching: RHP Joe Johnson
|
|
|
Batting: LHB Steve Finley
|
0-0: Called Strike 0-1: Foul Ball, location: 2F 0-2: Foul Ball, location: 2F 0-2: Ball 1-2: Ball 2-2: Strikes out swinging
|
|
Batting: RHB Jay Bell
|
0-0: Called Strike 0-1: Ball 1-1: Ball 2-1: Ground out 5-3 (Groundball, 56S, EV 89.4 MPH)
|
|
Batting: LHB Troy Neel
|
0-0: Fly out, F7 (Flyball, 78S, EV 96.9 MPH)
|
| Top of the 1st over - 0 runs, 0 hits, 0 errors, 0 left on base; St. Louis 0 - Orlando 0 |
| BOTTOM OF THE 1ST |
|
Orlando Devil Rays batting - Pitching for St. Louis Cardinals : RHP Mauro Gozzo
|
|
Pitching: RHP Mauro Gozzo
|
|
|
Batting: RHB Craig Biggio
|
0-0: Foul Ball, location: 2F 0-1: Ball 1-1: Fly out, F8 (Flyball, 89D, EV 88.1 MPH)
|
|
Batting: RHB Ron Gant
|
0-0: Ball 1-0: Foul Ball, location: 2F 1-1: Swinging Strike 1-2: Single, Error in OF, E9, batter to second base (Line Drive, 9LS, EV 95.0 MPH)
|
|
Batting: RHB Jeff Bagwell
|
0-0: Ball 1-0: Called Strike 1-1: SINGLE (Line Drive, 3D, EV 99.4 MPH) Ron Gant to third Runner from 3rd tries for Home, SAFE, throw by RF to home Jeff Bagwell to second
|
|
Batting: RHB Tim Salmon
|
0-0: Ball 1-0: Foul Ball, location: 2F 1-1: Ball 2-1: SINGLE (Flyball, 89M, EV 93.8 MPH) Jeff Bagwell to third
|
|
Batting: RHB Brian Jordan
|
0-0: Fly out, F9 (Flyball, 9S, EV 94.4 MPH)
|
|
Batting: LHB Paul O'Neill
|
0-0: Called Strike 0-1: Ball 1-1: Called Strike 1-2: Ground out U3 (Groundball, 3L, EV 80.0 MPH)
|
| Bottom of the 1st over - 1 run, 3 hits, 1 error, 2 left on base; St. Louis 0 - Orlando 1 |
| TOP OF THE 2ND |
|
St. Louis Cardinals batting - Pitching for Orlando Devil Rays : RHP Joe Johnson
|
|
Batting: RHB Ivan Calderon
|
0-0: Called Strike 0-1: Ball 1-1: Foul Ball, location: 2F 1-2: Strikes out swinging
|
|
Batting: LHB Karim Garcia
|
0-0: Called Strike 0-1: Foul Ball, location: 2F 0-2: Ground out 4-3 (Groundball, 4, EV 87.5 MPH)
|
|
Batting: RHB John Valentin
|
0-0: Called Strike 0-1: Swinging Strike 0-2: Strikes out looking
|
| Top of the 2nd over - 0 runs, 0 hits, 0 errors, 0 left on base; St. Louis 0 - Orlando 1 |
| BOTTOM OF THE 2ND |
|
Orlando Devil Rays batting - Pitching for St. Louis Cardinals : RHP Mauro Gozzo
|
|
Batting: SHB Jose Valentin
|
0-0: Ball 1-0: Fly out, F9 (Flyball, 9S, EV 80.6 MPH)
|
|
Batting: SHB Jose Oquendo
|
0-0: SINGLE (Groundball, 34D, EV 108.8 MPH)
|
|
Batting: RHB Ron Karkovice
|
0-0: Ball 1-0: Foul Ball, location: 2F 1-1: Swinging Strike 1-2: Fielders Choice at 2nd, 1-4 (Groundball, 15S, EV 65.6 MPH)
|
|
Pitching: RHP Rusty Meacham
|
|
|
Batting: RHB Craig Biggio
|
0-0: Fly out, F4 (Popup, 4, EV 67.5 MPH)
|
| Bottom of the 2nd over - 0 runs, 1 hit, 0 errors, 1 left on base; St. Louis 0 - Orlando 1 |
| TOP OF THE 3RD |
|
St. Louis Cardinals batting - Pitching for Orlando Devil Rays : RHP Joe Johnson
|
|
Batting: RHB Dickie Thon
|
0-0: Ball 1-0: Foul Ball, location: 2F 1-1: Ball 2-1: DOUBLE (Line Drive, 9LM, EV 88.8 MPH)
|
|
Batting: RHB Damian Miller
|
0-0: Ball 1-0: Called Strike 1-1: Ball 2-1: Swinging Strike 2-2: Ball 3-2: Foul Ball, location: 2F 3-2: Ground out 6-3 (Groundball, 6, EV 85.0 MPH)
|
|
Batting: SHB Stan Javier
|
0-0: Ball 1-0: Ball 2-0: Ball 3-0: Called Strike 3-1: Fly out, F8 (Line Drive, 8RM, EV 88.1 MPH)
|
|
Batting: LHB Steve Finley
|
0-0: Called Strike 0-1: Ball 1-1: Ball 2-1: Fly out, F9 (Flyball, 9, EV 84.4 MPH)
|
| Top of the 3rd over - 0 runs, 1 hit, 0 errors, 1 left on base; St. Louis 0 - Orlando 1 |
| BOTTOM OF THE 3RD |
|
Orlando Devil Rays batting - Pitching for St. Louis Cardinals : RHP Rusty Meacham
|
|
Batting: RHB Ron Gant
|
0-0: Called Strike 0-1: Ball 1-1: Swinging Strike 1-2: Ball 2-2: Ball 3-2: Base on Balls
|
|
Batting: RHB Jeff Bagwell
|
0-0: Called Strike 0-1: Ball 1-1: Ball 2-1: Ball 3-1: Fly out, F8 (Flyball, 8RXD, EV 93.8 MPH)
|
|
Batting: RHB Tim Salmon
|
0-0: Foul Ball, location: 2F 0-1: Ball 1-1: Ball 2-1: Fly out, F8 (Flyball, 89D, EV 99.4 MPH)
|
|
Batting: RHB Brian Jordan
|
0-0: Called Strike Ron Gant steals 2nd base 0-1: Fly out, F6 (Popup, 15, EV 81.9 MPH)
|
| Bottom of the 3rd over - 0 runs, 0 hits, 0 errors, 1 left on base; St. Louis 0 - Orlando 1 |
| TOP OF THE 4TH |
|
St. Louis Cardinals batting - Pitching for Orlando Devil Rays : RHP Joe Johnson
|
|
Batting: RHB Jay Bell
|
0-0: SINGLE (Line Drive, 89S, EV 108.1 MPH)
|
|
Batting: LHB Troy Neel
|
0-0: Called Strike 0-1: DOUBLE (Line Drive, 78XD, EV 107.5 MPH) Jay Bell to third
|
|
Batting: RHB Ivan Calderon
|
0-0: Called Strike 0-1: Called Strike 0-2: Ground out 6-3 (Groundball, 6, EV 86.3 MPH) Jay Bell scores
|
|
Batting: LHB Karim Garcia
|
0-0: Ball 1-0: Called Strike 1-1: Fly out, F9 (Flyball, 9LS, EV 88.1 MPH)
|
|
Batting: RHB John Valentin
|
0-0: DOUBLE (Flyball, 89D, EV 108.8 MPH) Troy Neel scores
|
|
Batting: RHB Dickie Thon
|
0-0: Swinging Strike 0-1: Ball 1-1: Ball 2-1: Ball 3-1: Called Strike 3-2: Base on Balls
|
|
Batting: RHB Damian Miller
|
0-0: Fly out, F8 (Flyball, 8RS, EV 95.0 MPH)
|
| Top of the 4th over - 2 runs, 3 hits, 0 errors, 2 left on base; St. Louis 2 - Orlando 1 |
| BOTTOM OF THE 4TH |
|
Orlando Devil Rays batting - Pitching for St. Louis Cardinals : RHP Rusty Meacham
|
|
Batting: LHB Paul O'Neill
|
0-0: Ball 1-0: Ball 2-0: Called Strike 2-1: Ball 3-1: Called Strike 3-2: Foul Ball, location: 2F 3-2: Ground out 1-3 (Groundball, 13, EV 77.5 MPH)
|
|
Batting: SHB Jose Valentin
|
0-0: Ball 1-0: Ball 2-0: Called Strike 2-1: Foul Ball, location: 2F 2-2: Ball 3-2: Foul Ball, location: 2F 3-2: Strikes out swinging
|
|
Batting: SHB Jose Oquendo
|
0-0: SINGLE (Groundball, 56D, EV 103.8 MPH)
|
|
Pitching: LHP Randy Myers
|
|
|
Batting: RHB Ron Karkovice
|
0-0: Ball 1-0: Ball 2-0: Ball 3-0: Base on Balls Jose Oquendo to second
|
|
Batting: RHB Craig Biggio
|
0-0: Swinging Strike 0-1: Ball 1-1: Swinging Strike 1-2: Ball 2-2: Foul Ball, location: 2F 2-2: Ball 3-2: Base on Balls Jose Oquendo to third Ron Karkovice to second
|
|
Batting: RHB Ron Gant
|
0-0: Called Strike 0-1: Fly out, F6 (Popup, 4M, EV 53.8 MPH)
|
| Bottom of the 4th over - 0 runs, 1 hit, 0 errors, 3 left on base; St. Louis 2 - Orlando 1 |
| TOP OF THE 5TH |
|
St. Louis Cardinals batting - Pitching for Orlando Devil Rays : RHP Joe Johnson
|
|
Batting: SHB Stan Javier
|
0-0: Ball 1-0: Fly out, F8 (Flyball, 89D, EV 98.8 MPH)
|
|
Batting: LHB Steve Finley
|
0-0: Ball 1-0: Fly out, F7 (Flyball, 7LS, EV 89.4 MPH)
|
|
Batting: RHB Jay Bell
|
0-0: Foul Ball, location: 2F 0-1: Ball 1-1: Ball 2-1: Ball 3-1: Swinging Strike 3-2: Foul Ball, location: 2F 3-2: Base on Balls
|
|
Batting: LHB Troy Neel
|
0-0: Ball 1-0: Ground out U3 (Groundball, 3, EV 83.8 MPH)
|
| Top of the 5th over - 0 runs, 0 hits, 0 errors, 1 left on base; St. Louis 2 - Orlando 1 |
| BOTTOM OF THE 5TH |
|
Orlando Devil Rays batting - Pitching for St. Louis Cardinals : LHP Randy Myers
|
|
Batting: RHB Jeff Bagwell
|
0-0: Ball 1-0: Foul Ball, location: 2F 1-1: Ball 2-1: Fly out, F7 (Flyball, 7LM, EV 88.8 MPH)
|
|
Batting: RHB Tim Salmon
|
0-0: Ball 1-0: Called Strike 1-1: SINGLE (Line Drive, 3D, EV 105.6 MPH)
|
|
Batting: RHB Brian Jordan
|
0-0: Swinging Strike 0-1: Ball 1-1: Called Strike 1-2: Ball 2-2: Ball 3-2: SINGLE (Line Drive, 9LS, EV 105.0 MPH) Tim Salmon to second
|
|
Batting: LHB Paul O'Neill
|
0-0: Ball 1-0: Ball 2-0: Ball 3-0: Called Strike 3-1: Foul Ball, location: 2F 3-2: Foul Ball, location: 2F 3-2: Base on Balls Tim Salmon to third Brian Jordan to second
|
|
Pitching: RHP Terry Mathews
|
|
|
Batting: SHB Jose Valentin
|
0-0: Ball 1-0: GRAND SLAM HOME RUN (Flyball, 9D, EV 92.5 MPH), Distance : 390 ft
|
|
Batting: SHB Jose Oquendo
|
0-0: Called Strike 0-1: Ball 1-1: Ball 2-1: Ball 3-1: Base on Balls
|
|
Batting: RHB Ron Karkovice
|
0-0: 2-RUN HOME RUN (Flyball, 89XD, EV 105.0 MPH), Distance : 397 ft
|
|
Batting: RHB Craig Biggio
|
0-0: Swinging Strike 0-1: Ball 1-1: Ball 2-1: Swinging Strike 2-2: Ball 3-2: Base on Balls
|
|
Batting: RHB Ron Gant
|
0-0: Ball 1-0: Ball 2-0: DOUBLE (Line Drive, 89D, EV 110.6 MPH) Craig Biggio to third
|
|
Batting: RHB Jeff Bagwell
|
0-0: SINGLE (Groundball, 56D, EV 97.5 MPH) Craig Biggio scores Ron Gant to third Runner from 3rd tries for Home, SAFE, throw by LF to home
|
|
Pitching: RHP Bryce Florie
|
|
|
Batting: RHB Tim Salmon
|
0-0: Foul Ball, location: 2F 0-1: Ball 1-1: Ball 2-1: Ball 3-1: Grounds into double play, 4-6-3 (Groundball, 4, EV 104.4 MPH)
|
| Bottom of the 5th over - 8 runs, 6 hits, 0 errors, 0 left on base; St. Louis 2 - Orlando 9 |
| TOP OF THE 6TH |
|
St. Louis Cardinals batting - Pitching for Orlando Devil Rays : RHP Joe Johnson
|
|
Batting: RHB Ivan Calderon
|
0-0: SINGLE (Line Drive, 9S, EV 106.3 MPH)
|
|
Batting: LHB Karim Garcia
|
0-0: Grounds into double play, 4-6-3 (Groundball, 4, EV 87.5 MPH)
|
|
Batting: RHB John Valentin
|
0-0: Ball 1-0: Hit by Pitch
|
|
Batting: RHB Dickie Thon
|
0-0: Ball 1-0: Ball 2-0: Ground out 2-3 (Groundball, 15S, EV 65.6 MPH)
|
| Top of the 6th over - 0 runs, 1 hit, 0 errors, 1 left on base; St. Louis 2 - Orlando 9 |
| BOTTOM OF THE 6TH |
|
Orlando Devil Rays batting - Pitching for St. Louis Cardinals : RHP Bryce Florie
|
|
Batting: RHB Brian Jordan
|
0-0: Called Strike 0-1: Ball 1-1: Swinging Strike 1-2: Strikes out swinging
|
|
Batting: LHB Paul O'Neill
|
0-0: SINGLE (Groundball, 56D, EV 96.3 MPH)
|
|
Batting: SHB Jose Valentin
|
0-0: Called Strike 0-1: Swinging Strike 0-2: Foul Ball, location: 2F 0-2: Strikes out swinging
|
|
Batting: SHB Jose Oquendo
|
0-0: Ball 1-0: Foul Ball, location: 2F 1-1: SINGLE (Groundball, 4S, EV 68.1 MPH) (infield hit) Paul O'Neill to second
|
|
Batting: RHB Ron Karkovice
|
0-0: Foul Ball, location: 2F 0-1: Swinging Strike 0-2: Strikes out looking
|
| Bottom of the 6th over - 0 runs, 2 hits, 0 errors, 2 left on base; St. Louis 2 - Orlando 9 |
| TOP OF THE 7TH |
|
St. Louis Cardinals batting - Pitching for Orlando Devil Rays : RHP Joe Johnson
|
|
Batting: RHB Damian Miller
|
0-0: Fly out, F8 (Flyball, 8LM, EV 86.9 MPH)
|
|
Pinch Hitting: RHB Doug Glanville
|
0-0: Ground out 6-3 (Groundball, 6, EV 110.6 MPH)
|
|
Batting: LHB Steve Finley
|
0-0: Ball 1-0: Ball 2-0: Ball 3-0: Base on Balls
|
|
Batting: RHB Jay Bell
|
0-0: Ball Steve Finley is caught stealing 2nd base 2-4
|
| Top of the 7th over - 0 runs, 0 hits, 0 errors, 0 left on base; St. Louis 2 - Orlando 9 |
| BOTTOM OF THE 7TH |
|
Orlando Devil Rays batting - Pitching for St. Louis Cardinals : RHP Bryce Florie
|
|
Now in CF: Doug Glanville
|
|
|
Pinch Hitting: RHB Jody Reed
|
0-0: Foul Ball, location: 2F 0-1: Ground out U3 (Groundball, 34, EV 105.0 MPH)
|
|
Pinch Hitting: LHB John Kruk
|
0-0: Called Strike 0-1: Ball 1-1: Ball 2-1: Ground out 4-3 (Groundball, 34, EV 100.0 MPH)
|
|
Batting: RHB Jeff Bagwell
|
0-0: Called Strike 0-1: Ball 1-1: Ball 2-1: Swinging Strike 2-2: Ground out 1-3 (Groundball, 34S, EV 86.3 MPH)
|
| Bottom of the 7th over - 0 runs, 0 hits, 0 errors, 0 left on base; St. Louis 2 - Orlando 9 |
| TOP OF THE 8TH |
|
St. Louis Cardinals batting - Pitching for Orlando Devil Rays : RHP Joe Johnson
|
|
Now at 2B: Jody Reed
|
|
|
Now in LF: John Kruk
|
|
|
Batting: RHB Jay Bell
|
0-0: Ball 1-0: Ball 2-0: Foul Ball, location: 2F 2-1: Ground out 5-3 (Groundball, 56S, EV 85.0 MPH)
|
|
Batting: LHB Troy Neel
|
0-0: Ball 1-0: Ball 2-0: Foul Ball, location: 2F 2-1: Called Strike 2-2: Ground out 5-3 (Groundball, 56S, EV 81.3 MPH)
|
|
Pinch Hitting: RHB Dan Wilson
|
0-0: Called Strike 0-1: Ball 1-1: Ball 2-1: Ball 3-1: Base on Balls
|
|
Batting: LHB Karim Garcia
|
0-0: Foul Ball, location: 2F 0-1: Ball 1-1: Ball Wild Pitch! Dan Wilson to second 2-1: Ball 3-1: Fly out, F3 (Line Drive, 3, EV 75.0 MPH)
|
| Top of the 8th over - 0 runs, 0 hits, 0 errors, 1 left on base; St. Louis 2 - Orlando 9 |
| BOTTOM OF THE 8TH |
|
Orlando Devil Rays batting - Pitching for St. Louis Cardinals : RHP Bryce Florie
|
|
Pitching: RHP Mariano Rivera
|
|
|
Now at 1B: Royce Clayton
|
|
|
Batting: RHB Tim Salmon
|
0-0: Ball 1-0: Ball 2-0: Foul Ball, location: 2F 2-1: Swinging Strike 2-2: Ball 3-2: Strikes out swinging
|
|
Pinch Hitting: LHB Ron Jones
|
0-0: Ball 1-0: Foul Ball, location: 2F 1-1: Ball 2-1: Ball 3-1: Foul Ball, location: 2F 3-2: SINGLE (Groundball, 4D, EV 95.6 MPH)
|
|
Batting: LHB Paul O'Neill
|
0-0: Ball 1-0: Called Strike 1-1: Foul Ball, location: 2F 1-2: Strikes out swinging
|
|
Batting: SHB Jose Valentin
|
0-0: Ball 1-0: Ball 2-0: Called Strike 2-1: Swinging Strike 2-2: Ball 3-2: Strikes out swinging
|
| Bottom of the 8th over - 0 runs, 1 hit, 0 errors, 1 left on base; St. Louis 2 - Orlando 9 |
| TOP OF THE 9TH |
|
St. Louis Cardinals batting - Pitching for Orlando Devil Rays : RHP Joe Johnson
|
|
Now in CF: Ron Jones
|
|
|
Batting: RHB John Valentin
|
0-0: Called Strike 0-1: Called Strike 0-2: Foul Ball, location: 2F 0-2: Foul Ball, location: 2F 0-2: Ball 1-2: Ball 2-2: Fly out, F8 (Flyball, 8LD, EV 91.9 MPH)
|
|
Pitching: RHP Toby Borland
|
|
|
Batting: RHB Dickie Thon
|
0-0: Ball 1-0: Reached on error, E9 (Flyball, 9LS, EV 86.9 MPH)
|
|
Batting: RHB Damian Miller
|
0-0: Called Strike 0-1: Called Strike 0-2: Strikes out swinging
|
|
Batting: RHB Doug Glanville
|
0-0: Ball 1-0: Called Strike 1-1: Called Strike 1-2: Strikes out looking
|
| Top of the 9th over - 0 runs, 0 hits, 1 error, 1 left on base; St. Louis 2 - Orlando 9 |
|